 Dungeon Crawl Stone Soup version 0.28-a0-46-g7b1be97da7 (webtiles) character file.

Game seed: 14394849187024326606

25037 Sobieck the Covert (level 12, -5/72 HPs)
             Began as a Deep Elf Conjurer on July 28, 2021.
             Was an Elder of Vehumet.
             Slain by an orc knight (36 damage)
             ... on level 1 of the Orcish Mines on July 29, 2021.
             The game lasted 00:48:01 (18219 turns).

Sobieck the Covert (Deep Elf Conjurer)             Turns: 18219, Time: 00:48:01

Health: -5/72      AC: 15    Str:  4    XL:     12   Next: 86%
Magic:  16/28      EV: 15    Int: 29    God:    Vehumet [****..]
Gold:   566        SH:  0    Dex: 13    Spells: 13/31 levels left

rFire   . . .      SeeInvis .   U - +4 long sword (elec) {long}
rCold   . . .      Faith    .   (no shield)
rNeg    . . .      Spirit   .   H - +3 troll leather armour
rPois   .          Reflect  .   f - +2 helmet
rElec   .          Harm     .   R - +0 cloak
rCorr   .          Rampage  .   k - +0 pair of gloves
Will    +....                   G - +2 pair of boots
Stlth   ++++......              v - amulet of the acrobat
HPRegen 1.22/turn               s - ring of wizardry
MPRegen 0.21/turn               (no ring)

@: no status effects
A: no striking features
a: Renounce Religion


You were on level 1 of the Orcish Mines.
You worshipped Vehumet.
Vehumet was greatly pleased with you.
You visited 4 branches of the dungeon, and saw 15 of its levels.

You collected 738 gold pieces.
You spent 172 gold pieces at shops.


   Skills:
 + Level 7.2 Fighting
 + Level 10.2 Dodging
 - Level 11.0 Stealth
 * Level 10.4 Spellcasting
 * Level 10.2 Conjurations
 - Level 10.1 Hexes
 - Level 4.0 Poison Magic
 + Level 9.2 Evocations


You had 13 spell levels left.
You knew the following spells:

 Your Spells              Type           Power      Damage    Failure   Level
a - Magic Dart            Conj           100%       1d8       1%          1
b - Searing Ray           Conj           100%       3d7       1%          2
c - Fulminant Prism       Conj/Hex       32%        3d16      1%          4
d - Iskenderun's Mystic   Conj/Tloc      44%        2d10      1%          4
e - Olgreb's Toxic Radia  Pois           38%        N/A       1%          4
f - Ignite Poison         Fire/Tmut/Pois 22%        N/A       1%          3

Your spell library contained the following spells:

 Spells                   Type           Power      Damage    Failure   Level
 Sticky Flame             Conj/Fire      44%        2d6       1%          4
 Shock                    Conj/Air       100%       1d9       1%          1
 Dazzling Flash           Conj/Hex       100%       N/A       1%          3
 Inner Flame              Hex/Fire       44%        N/A       1%          3
 Mephitic Cloud           Conj/Pois/Air  42%        N/A       1%          3
 Stone Arrow              Conj/Erth      88%        3d12      1%          3
 Cause Fear               Hex            32%        N/A       1%          4
 Lightning Bolt           Conj/Air       22%        1d37      2%          5
 Bolt of Magma            Conj/Fire/Erth 17%        4d9       5%          5
 Gell's Gravitas          Tloc           7%         N/A       8%          3
 Lesser Beckoning         Tloc           7%         N/A       8%          3
 Swiftness                Air            15%        N/A       8%          3
 Teleport Other           Tloc           15%        N/A       8%          3
 Airstrike                Air            7%         N/A       8%          4
 Starburst                Conj/Fire      22%        8x6d7     13%         6
 Summon Lightning Spire   Summ/Air       15%        N/A       26%         4
 Discord                  Hex            32%        N/A       92%         8
 Shatter                  Erth           7%         3d10*     100%        9

Inventory:

Hand Weapons
 U - a +4 long sword of electrocution (weapon) {long}
   (You found it on level 10 of the Dungeon)
Missiles
 c - 244 stones {throwing}
 d - 99 bolts
 j - 182 arrows
 n - 59 sling bullets
 q - 25 poisoned darts {throwing}
 x - 7 silver boomerangs {throwing}
 y - 5 boomerangs {throwing}
Armour
 a - a +2 robe of cold resistance
   (You took it off an orc wizard on level 11 of the Dungeon)
 f - a +2 helmet (worn)
   (You found it on level 1 of the Dungeon)
 k - a +0 pair of gloves (worn)
   (You found it on level 1 of the Lair of Beasts)
 F - a +0 robe of cold resistance
   (You took it off a wight on level 7 of the Dungeon)
 G - a +2 pair of boots (worn)
   (You bought it in a shop on level 7 of the Dungeon)
 H - a +3 troll leather armour (worn)
   (You found it on level 8 of the Dungeon)
 R - a +0 cloak (worn)
   (You took it off Maurice on level 9 of the Dungeon)
Magical Staves
 D - a staff of death {!astaff}
   (You found it on level 2 of the Lair of Beasts)
 E - a staff of air {!astaff}
   (You found it on level 11 of the Dungeon)
 J - a staff of poison {!astaff}
   (You found it on level 8 of the Dungeon)
Jewellery
 s - a ring of wizardry (left hand)
   (You found it on level 4 of the Dungeon)
 v - an amulet of the acrobat (around neck)
   (You found it on level 1 of the Lair of Beasts)
Wands
 b - a wand of paralysis (8)
   (You found it on level 10 of the Dungeon)
 C - a wand of digging (3)
   (You found it on level 1 of the Lair of Beasts)
 N - a wand of iceblast (16)
   (You took it off an orc on level 8 of the Dungeon)
 S - a wand of acid (10)
   (You took it off Maurice on level 9 of the Dungeon)
 T - a wand of charming (11)
   (You found it on level 9 of the Dungeon)
Scrolls
 p - a scroll of identify {@r1}
 B - 5 scrolls of teleportation {@r4}
 K - 2 scrolls of magic mapping {!r}
Potions
 e - 3 potions of mutation {!q}
 g - 2 potions of flight {unknown}
 h - 4 potions of attraction {!q}
 i - 4 potions of curing {@q1}
 l - 2 potions of berserk rage {!q}
 m - 3 potions of resistance
 o - 6 potions of brilliance
 r - 2 potions of invisibility
 u - 3 potions of ambrosia
 w - 2 potions of might
 z - a potion of magic {unknown}
 A - 4 potions of lignification {!q}

Dungeon Overview and Level Annotations

Branches:
Dungeon (11/15)            Temple (1/1) D:4            Lair (2/6) D:8
    Orc (1/2) D:11
  Swamp: Lair:2-4    Shoals: Lair:2-4     Snake: Lair:2-4    Spider: Lair:2-4

Altars:
Ashenzari
Cheibriados
Dithmenos
Gozag
Hepliaklqana
Kikubaaqudgha
Makhleb
Nemelex Xobeh
Qazlal
Trog
Uskayaw
Vehumet
Wu Jian
Xom
Zin
The Shining One
Jiyva

Shops:
D:7 [

Annotations:
D:2 exclusion: downstairs
D:7 2 runed translucent doors, Nausicaa's ghost, weakling TrDe
D:9 3 runed translucent doors, arson's ghost, journeyman MiBe

......
...#. ....
... ..#
..##
###...#
#[@..#
#..o[o..#
#[[....##
#...#o).
#.....#.##
#.....# ..
##... .#
#... ..


You could see 2 orc knights and an orc warrior (strong, poisoned).


Message History

The blast of energy engulfs you!!
Training target 4.0 for Poison Magic reached!
Your Poison Magic skill increases to level 4! 😮 HP[-25] MP[+1]
You take 25 damage, and now have 41/72 hp.
MASSIVE DAMAGE!! (PAUSE)
Casting: Fulminant Prism (safe; 1% risk of failure)
Confirm with . or Enter, or press ? or * to list all spells.
Aiming: Fulminant Prism (safe; 1% risk of failure)
Press: ? - help, Dir - move target You conjure a prism of explosive energy!
A fulminant prism comes into view.
The warg bites you. 😮 HP[-1] MP[-4]
You take 1 damage, and now have 40/72 hp.
You lost 4 mp, and now have 21/28 mp.
Your fulminant prism crackles loudly. 😮 HP[+1] MP[+1]
The blast of energy engulfs the warg!!!
You kill the warg!
Vehumet accepts your kill.
You feel your power returning. 😮 HP[+2] MP[+1]
You regained 2 hp, and now have 43/72 hp. 😮 HP[+1] 😮 HP[+1] 😮 HP[+1]
Things that are here:
a +0 dagger {short}; a +0 robe; 😮 HP[+2] MP[+1]
You regained 2 hp, and now have 48/72 hp. 😮 HP[+1]
There is a staircase to the Orcish Mines here. 😮 HP[+1]
You start resting. 😕 HP[+21] MP[+4]
You regained 21 hp, and now have 71/72 hp.
Your mp is fully restored (28).
You start resting. 😎 HP[+1]
Your hp is fully restored (72).
You climb downwards.
Welcome back to the Orcish Mines!
An orc knight comes into view. It is wielding a +0 long sword.
The orc knight roars a battlecry!
The orc knight goes into a battle-frenzy!
The orc knight unwields a +0 battleaxe.
The orc knight wields a +0 arbalest.
The orc knight shoots a bolt.
The bolt hits you!!
There is a staircase back to the Dungeon, spattered with blood here. 😮 HP[-19]
You take 19 damage, and now have 53/72 hp.
MASSIVE DAMAGE!! (PAUSE)
Casting: Fulminant Prism (safe; 1% risk of failure)
Confirm with . or Enter, or press ? or * to list all spells.
You begin to radiate toxic energy.
The orc knight is poisoned. x2
The orc knight looks even sicker.
The orc knight shoots a bolt.
The bolt hits you!
You hear a shout! 😮 HP[-10] MP[-4]
You take 10 damage, and now have 43/72 hp.
You lost 4 mp, and now have 24/28 mp.
Your toxic aura wanes.
The orc knight roars a battlecry!
The orcs go into a battle-frenzy!
You hear a shout! 😮 HP[+1]
Casting: Olgreb's Toxic Radiance (dangerous; 1% risk of failure)
Confirm with . or Enter, or press ? or * to list all spells.
You ignite the poison in your surroundings!
The orc knight seems to burn from within!!
The orc knight seems to burn from within!
An orc warrior comes into view.
It is wielding a +0 hand axe. 😮 HP[+2] MP[-3]
You regained 2 hp, and now have 46/72 hp.
You lost 3 mp, and now have 21/28 mp.
Casting: Ignite Poison (safe; 1% risk of failure)
Confirm with . or Enter, or press ? or * to list all spells.
You begin to radiate toxic energy.
The orc knight is poisoned.
The orc warrior is poisoned.
The orc is poisoned.
The orc knight looks even sicker.
The orc knight hits you with a +0 long sword!!
* * * LOW HITPOINT WARNING * * *
😨 HP[-17] MP[-4]
You take 17 damage, and now have 29/72 hp.
MASSIVE DAMAGE!! (PAUSE)
You lost 4 mp, and now have 17/28 mp.
Casting: Olgreb's Toxic Radiance (dangerous; 1% risk of failure)
Confirm with . or Enter, or press ? or * to list all spells.
You ignite the poison in your surroundings!
The orc knight seems to burn from within!!
The orc warrior seems to burn from within!!
The orc seems to burn from within!
You kill the orc!
Vehumet accepts your kill.
You feel your power returning.
The orc knight is poisoned.
The orc warrior is poisoned.
The orc knight is poisoned.
Your toxic aura wanes. 😨 HP[+1] MP[-1]
You lost 1 mp, and now have 16/28 mp.
The orc knight hits you with a +0 long sword!!!
Ouch! That really hurt!
You die...

Skill      XL: |  1  2  3  4  5  6  7  8  9 10 11 12 |
---------------+-------------------------------------+-----
Spellcasting   | 4 5 6 7 9 10 | 10.4
Conjurations   | 5 6 7 8 10 | 10.2
Hexes          | 1 2 3 5 8 10 | 10.1
Stealth        | 4 7 10 11 | 11.0
Fighting       | 2 4 6 7 |  7.2
Dodging        | 4 7 9 10 | 10.2
Evocations     | 3 6 9 |  9.2
Poison Magic   | 4 |  4.0

Action                   |  1- 3 |  4- 6 |  7- 9 | 10-12 || total
-------------------------+-------+-------+-------+-------++-------
Melee: Spear             |    10 |       |       |       ||    10
       Long sword        |       |       |       |    19 ||    19
 Cast: Magic Dart        |    43 |    84 |    46 |    37 ||   210
       Searing Ray       |     4 |    13 |    19 |    47 ||    83
       Fulminant Prism   |       |     1 |    43 |   145 ||   189
       Iskenderun's Myst |       |       |       |    17 ||    17
       Olgreb's Toxic Ra |       |       |       |    18 ||    18
       Ignite Poison     |       |       |       |    18 ||    18
Evoke: Wand              |       |       |       |     1 ||     1
  Use: Scroll            |       |    13 |     1 |    13 ||    27
 Stab: Sleeping          |     1 |       |       |       ||     1
Armor: Robe              |     6 |     4 |       |    11 ||    21
       Troll leather arm |       |       |       |    18 ||    18
Dodge: Dodged            |    13 |     7 |     8 |    88 ||   116
       Rpst.: Long sword |       |       |     1 |    33 ||    34

Levels and vault maps discovered:
D:1:      dpeg_arrival_pond, layout_basic, dk_noncrumbling_4
D:2:      layout_rooms, kennysheep_jessica_study
D:3:      layout_rooms, minmay_box_of_dots
D:4:      layout_gridville, minmay_temple_entry_junction
D:5:      layout_loops_ring, uniq_sigmund
D:6:      layout_gridville, uniq_duvessa, uniq_prince_ribbit1
D:7:      layout_layer_cave, serial_shops, shop, ebering_ghost_disaster_area
D:8:      layout_loops_corners, minmay_lair_entry_grove
D:9:      layout_gridville, bloody_makhleb, gammafunk_ghost_ooze,
          supply_closet_lemuel, minmay_misc_feat_ornament, uniq_maurice
D:10:     layout_basic, minmay_guarded_unrand_variability
D:11:     layout_stronghold, orc_0_dummy, serial_ice, serial_ice_j,
          serial_ice_f, serial_ice_a, serial_ice_g,
          portal_ice_cave_demonic_guard
Temple:   kilobyte_greek_temple
Lair:1:   layout_regular_city, chequers_serial_rivers_room_b,
          guppyfry_lair_drakes
Lair:2:   layout_gridlike, enter_volcano_2
Orc:1:    layout_caves, serial_shops, nicolae_shop_crystal, nicolae_shop_stone,
          nicolae_square_shop

Notes
Turn   | Place    | Note
-------+----------+-------------------------------------------
     0 | D:1      | Sobieck the Deep Elf Conjurer began the quest for the Orb.
     0 | D:1      | Reached XP level 1. HP: 10/10 MP: 6/6
     0 | D:1      | magus.rc [v1.9.6]
   373 | D:1      | Reached XP level 2. HP: 15/15 MP: 4/8
   376 | D:1      | Learned a level 2 spell: Searing Ray
   709 | D:1      | Reached skill level 4 in Spellcasting
  1166 | D:2      | Reached XP level 3. HP: 19/19 MP: 7/10
  1370 | D:2      | You pick up a book of Displacement and begin reading...
  1370 | D:2      | You add the spells Lesser Beckoning, Gell's Gravitas and
                  | Teleport Other to your library.
  1400 | D:2      | Reached skill level 5 in Conjurations
  1582 | D:2      | Noticed Jessica
  1584 | D:2      | Killed Jessica
  1585 | D:2      | Reached skill level 5 in Spellcasting
  1585 | D:2      | Reached XP level 4. HP: 24/24 MP: 10/13
  2071 | D:3      | Learned a level 4 spell: Fulminant Prism
  2076 | D:3      | Learned a level 4 spell: Iskenderun's Mystic Blast
  2195 | D:3      | You add the spells Ignite Poison, Mephitic Cloud and Bolt
                  | of Magma to your library.
  2280 | D:3      | You pick up a book of the Earth and begin reading...
  2280 | D:3      | You add the spells Stone Arrow and Shatter to your library.
  2798 | D:4      | Reached skill level 1 in Hexes
  2798 | D:4      | Reached XP level 5. HP: 28/28 MP: 11/15
  2834 | D:4      | Noticed a centaur
  2836 | D:4      | Found a staircase to the Ecumenical Temple.
  2845 | D:4      | Killed a centaur
  2846 | D:4      | Reached skill level 6 in Spellcasting
  2846 | D:4      | Reached skill level 2 in Hexes
  2854 | Temple   | Entered the Ecumenical Temple
  3034 | Temple   | Became a worshipper of Vehumet
  3126 | D:4      | Reached XP level 6. HP: 25/32 MP: 8/17
  3247 | D:4      | Reached skill level 7 in Spellcasting
  3247 | D:4      | Reached skill level 6 in Conjurations
  3271 | D:4      | Reached skill level 3 in Hexes
  3327 | D:4      | You pick up a book of Conjurations {@e2} and begin
                  | reading...
  4187 | D:5      | Entered Level 5 of the Dungeon
  4303 | D:5      | Reached XP level 7. HP: 36/36 MP: 13/20
  4358 | D:5      | Reached skill level 8 in Spellcasting
  4358 | D:5      | Reached skill level 4 in Hexes
  4420 | D:5      | Noticed Sigmund
  4445 | D:5      | Killed Sigmund
  4599 | D:5      | Reached skill level 9 in Spellcasting
  4765 | D:5      | Reached skill level 7 in Conjurations
  4765 | D:5      | Reached skill level 5 in Hexes
  4765 | D:5      | Reached XP level 8. HP: 27/41 MP: 16/23
  4860 | D:5      | Reached * piety under Vehumet
  4860 | D:5      | Offered knowledge of Shock by Vehumet.
  5361 | D:6      | Reached skill level 10 in Spellcasting
  5361 | D:6      | Reached skill level 6 in Hexes
  5726 | D:6      | Reached skill level 8 in Conjurations
  5726 | D:6      | Reached skill level 7 in Hexes
  5931 | D:6      | Noticed Prince Ribbit
  5935 | D:6      | Killed Prince Ribbit
  5936 | D:6      | Reached skill level 8 in Hexes
  6049 | D:6      | Reached XP level 9. HP: 45/45 MP: 19/25
  6271 | D:6      | Reached skill level 9 in Conjurations
  6332 | D:6      | Noticed Duvessa
  6339 | D:6      | Noticed Dowan
  6341 | D:6      | Killed Duvessa
  6344 | D:6      | Killed Dowan
  6728 | D:7      | Reached skill level 9 in Hexes
  7091 | D:7      | Reached skill level 10 in Conjurations
  7091 | D:7      | Reached skill level 10 in Hexes
  7140 | D:7      | Noticed Nausicaa's ghost (weakling TrDe)
  7141 | D:7      | Found a large runed translucent door.
  7142 | D:7      | Found a large runed translucent door.
  7147 | D:7      | Found Cetakoza's Armour Shoppe.
  7155 | D:7      | Bought a +1 pair of boots for 172 gold pieces
  7468 | D:7      | Reached skill level 3 in Stealth
  7522 | D:7      | Reached skill level 1 in Fighting
  7522 | D:7      | Reached skill level 3 in Dodging
  8016 | D:8      | Reached skill level 4 in Stealth
  8018 | D:8      | Noticed a troll
  8029 | D:8      | Killed a troll
  8029 | D:8      | Reached ** piety under Vehumet
  8029 | D:8      | Offered knowledge of Foxfire by Vehumet.
  8030 | D:8      | Reached skill level 2 in Fighting
  8030 | D:8      | Reached skill level 4 in Dodging
  8030 | D:8      | Reached XP level 10. HP: 45/53 MP: 8/26
  8408 | D:8      | Reached skill level 5 in Stealth
  8680 | D:8      | Reached skill level 5 in Dodging
  8925 | D:8      | Reached skill level 3 in Fighting
  8934 | D:8      | Reached skill level 6 in Stealth
  9221 | D:8      | Reached skill level 6 in Dodging
  9457 | D:8      | Found a staircase to the Lair.
  9649 | D:8      | You pick up a book of Air and begin reading...
  9649 | D:8      | You add the spells Shock, Swiftness and Airstrike to your
                  | library.
 10117 | D:9      | Noticed Maurice
 10130 | D:9      | Killed Maurice
 10131 | D:9      | Reached skill level 1 in Evocations
 10427 | D:9      | Found a runed translucent gate.
 10429 | D:9      | Found a runed translucent gate.
 10429 | D:9      | Found a runed translucent gate.
 10430 | D:9      | Noticed arson's ghost (journeyman MiBe)
 10435 | D:9      | Found a viscous altar of Jiyva.
 10534 | D:9      | Offered knowledge of Inner Flame by Vehumet.
 10535 | D:9      | Reached skill level 4 in Fighting
 10535 | D:9      | Reached skill level 7 in Stealth
 10535 | D:9      | Reached skill level 2 in Evocations
 10630 | D:9      | Found a burning altar of Makhleb.
 11014 | D:10     | Entered Level 10 of the Dungeon
 11024 | D:10     | Reached skill level 7 in Dodging
 11028 | D:10     | Reached *** piety under Vehumet
 11034 | D:10     | Noticed a two-headed ogre
 11152 | D:10     | Reached skill level 3 in Evocations
 11516 | D:10     | Reached XP level 11. HP: 54/62 MP: 15/27
 11603 | D:10     | Reached skill level 8 in Stealth
 11646 | D:10     | Found a shimmering altar of Xom.
 11647 | D:10     | Found the +7 mace of Variability {chain chaos}
 11813 | D:10     | Killed a two-headed ogre
 11973 | D:10     | Noticed a two-headed ogre
 11982 | D:10     | Killed a two-headed ogre
 11983 | D:10     | Reached skill level 5 in Fighting
 11983 | D:10     | Reached skill level 4 in Evocations
 12534 | D:11     | Reached skill level 8 in Dodging
 12597 | Lair:1   | Entered Level 1 of the Lair of Beasts
 12620 | Lair:1   | You fall into a shaft and drop 1 floor!
 12631 | Lair:2   | HP: 16/64 [poisoned by a black mamba]
 12636 | Lair:2   | HP: 11/64 [poisoned by a black mamba]
 12919 | Lair:1   | Reached skill level 9 in Stealth
 13182 | Lair:1   | You pick up a book of Storms and begin reading...
 13182 | Lair:1   | You add the spells Summon Lightning Spire and Lightning
                  | Bolt to your library.
 13228 | Lair:1   | Reached skill level 5 in Evocations
 13282 | Lair:1   | You pick up a book of Hexes and begin reading...
 13282 | Lair:1   | You add the spells Inner Flame, Cause Fear and Discord to
                  | your library.
 13616 | Lair:1   | Offered knowledge of Olgreb's Toxic Radiance by Vehumet.
 13617 | Lair:1   | Reached skill level 9 in Dodging
 13626 | Lair:1   | Reached skill level 6 in Fighting
 13738 | Lair:1   | Learned a level 4 spell: Olgreb's Toxic Radiance
 13744 | D:8      | Learned a level 3 spell: Ignite Poison
 13749 | Lair:1   | Reached skill level 6 in Evocations
 14148 | Lair:1   | Noticed a six-headed hydra
 14161 | Lair:1   | Killed a six-headed hydra
 14162 | Lair:1   | Reached skill level 10 in Stealth
 14802 | Lair:1   | Upgraded the game from 0.28-a0-43-g560ac104fe to
                  | 0.28-a0-46-g7b1be97da7
 14802 | Lair:1   | magus.rc [v1.9.6]
 14834 | Lair:2   | Noticed a five-headed hydra
 14867 | Lair:2   | Reached XP level 12. HP: 70/70 MP: 20/28
 14952 | Lair:2   | Noticed a four-headed hydra
 14970 | Lair:2   | Killed a four-headed hydra
 15265 | Lair:2   | Reached skill level 7 in Evocations
 15273 | Lair:2   | Killed a five-headed hydra
 15274 | Lair:2   | Reached skill level 10 in Dodging
 15563 | Lair:2   | Reached skill level 11 in Stealth
 15563 | Lair:2   | Reached skill level 1 in Poison Magic
 15669 | Lair:2   | Noticed a boulder beetle
 15699 | Lair:2   | Reached skill level 7 in Fighting
 15701 | Lair:2   | Reached skill level 2 in Poison Magic
 15840 | Lair:2   | You pick up a book of Spectacle and begin reading...
 16106 | Lair:2   | Killed a boulder beetle
 16107 | Lair:2   | Reached skill level 3 in Poison Magic
 16356 | D:11     | Reached skill level 8 in Evocations
 16388 | D:11     | Reached **** piety under Vehumet
 16782 | D:11     | Found a staircase to the Orcish Mines.
 16829 | D:11     | Reached skill level 9 in Evocations
 17130 | D:11     | Offered knowledge of Sticky Flame by Vehumet.
 18017 | Orc:1    | Entered Level 1 of the Orcish Mines
 18060 | D:11     | Noticed a four-headed hydra
 18074 | D:11     | Killed a four-headed hydra
 18185 | D:11     | Reached skill level 4 in Poison Magic
 18219 | Orc:1    | Slain by an orc knight

Vanquished Creatures
  4 hydras
  A boulder beetle (Lair:2)
  2 two-headed ogres (D:10)
  Maurice (D:9)
  4 black mambas
  7 cane toads
  An unseen horror (D:11)
  A kobold demonologist (D:11)
  2 komodo dragons (Lair:1)
  2 ice devils (D:11)
  A troll (D:8)
  Prince Ribbit (D:6)
  3 blink frogs (Lair:1)
  Sigmund (D:5)
  A water elemental (D:11)
  2 centaur simulacra (D:11)
  6 wyverns
  37 yaks
  2 basilisks
  A steam dragon (D:7)
  2 chaos spawn (D:10)
  2 wargs (D:11)
  13 water moccasins
  A meliai simulacrum (D:11)
  3 ice beasts
  Duvessa (D:6)
  2 orc warriors
  3 ogres
  3 necrophages (D:6)
  4 centaurs
  A phantom (D:6)
  3 wolves (D:11)
  5 bullfrogs
  3 scorpions
  Dowan (D:6)
  3 electric eels
  7 wights
  2 bullfrog zombies
  7 centaur zombies
  A jelly (D:7)
  6 orc priests
  A bullfrog skeleton (D:5)
  A hound (D:7)
  Jessica (D:2)
  An iguana (D:4)
  18 orc wizards
  A killer bee zombie (D:6)
  A hound skeleton (D:4)
  A howler monkey skeleton (D:7)
  6 adders
  4 gnolls
  A shadow imp (D:5)
  A white imp (D:11)
  A howler monkey simulacrum (D:11)
  An ufetubus (D:11)
  2 worms
  2 dart slugs
  41 orcs
  5 endoplasms
  4 giant cockroaches
  3 goblins
  7 hobgoblins
  9 jackals
  A quokka (D:2)
  3 ball pythons
  7 bats
  3 frilled lizards
  7 kobolds
  6 rats
292 creatures vanquished.

Vanquished Creatures (others)
  2 bushes (D:8)
  189 fulminant prisms
  17 fungi
  36 plants
244 creatures vanquished.

Grand Total: 536 creatures vanquished

Table legend:
 A = Non-vault XP
 B = Vault XP
 C = Vault XP percentage of total XP
 D = Non-vault monster count
 E = Vault monster count
 F = Vault count percentage of total count
                 A         B        C        D         E       F
            +---------+---------+-------+---------+---------+-------
      Total |   28997 |    6771 |  18.9 |     251 |      41 |  14.0
            +---------+---------+-------+---------+---------+-------
        D:1 |      36 |       0 |   0.0 |      15 |       0 |   0.0
        D:2 |      58 |      39 |  40.2 |      23 |       2 |   8.0
        D:3 |      41 |      12 |  22.6 |      17 |       4 |  19.0
        D:4 |     509 |       0 |   0.0 |      21 |       0 |   0.0
        D:5 |     906 |     223 |  19.8 |      10 |       1 |   9.1
        D:6 |    1081 |     490 |  31.2 |      16 |       3 |  15.8
        D:7 |    1403 |       0 |   0.0 |      26 |       0 |   0.0
        D:8 |    1009 |    2213 |  68.7 |      20 |      12 |  37.5
        D:9 |    1315 |     480 |  26.7 |      18 |       1 |   5.3
       D:10 |    3800 |     365 |   8.8 |      15 |       2 |  11.8
       D:11 |    4146 |    1990 |  32.4 |      18 |      13 |  41.9
     Lair:1 |    5493 |     959 |  14.9 |      18 |       3 |  14.3
     Lair:2 |    9017 |       0 |   0.0 |      28 |       0 |   0.0
      Orc:1 |     183 |       0 |   0.0 |       6 |       0 |   0.0
            +---------+---------+-------+---------+---------+-------

Illustrated notes

Table legend:
 A = Kills in this place as a percentage of kills in entire the game.
 B = Kills by you in this place as a percentage of kills by you in the entire game.
 C = Kills by friends in this place as a percentage of kills by friends in the entire game.
 D = Other kills in this place as a percentage of other kills in the entire game.
 E = Experience gained in this place as a percentage of experience gained in the entire game.
 F = Experience gained in this place divided by the number of levels of this place that you have seen.
                   A       B       C       D       E      F
               +-------+-------+-------+-------+-------+----------------------
         Total | 100.0 | 100.0 |   N/A |   N/A | 100.0 | 2384.5
       Dungeon |  81.2 |  81.2 |   N/A |   N/A |  56.2 | 1828.7
          Lair |  16.8 |  16.8 |   N/A |   N/A |  43.2 | 7734.5
  Orcish Mines |   2.1 |   2.1 |   N/A |   N/A |   0.5 | 183.0
               +-------+-------+-------+-------+-------+----------------------

Table legend: (Time is in decaauts)
 A = Elapsed time spent in this place.
 B = Non-inter-level travel time spent in this place.
 C = Inter-level travel time spent in this place.
 D = Time resting spent in this place.
 E = Time spent auto-exploring this place.
 F = Levels seen in this place.
 G = Mean time per level.
                   A        B        C        D        E       F      G
               +--------+--------+--------+--------+--------+-----+--------+
         Total |  18245 |  17479 |    766 |   4058 |  10785 |  15 | 1216.3 |
       Dungeon |  14812 |  14264 |    548 |   3003 |   9206 |  11 | 1346.5 |
        Temple |    212 |    180 |     32 |      0 |    173 |   1 |  212.0 |
          Lair |   3202 |   3016 |    186 |   1055 |   1405 |   2 | 1601.0 |
  Orcish Mines |     17 |     17 |      0 |      0 |      0 |   1 |   17.0 |
               +--------+--------+--------+--------+--------+-----+--------+

Top non-repeatable levels by time:
     D:8: 2005 daAuts
    D:11: 1793 daAuts
     D:7: 1744 daAuts
  Lair:1: 1714 daAuts
    D:10: 1559 daAuts
  Lair:2: 1488 daAuts
     D:6: 1322 daAuts
     D:4: 1305 daAuts
     D:9: 1269 daAuts
     D:5: 1123 daAuts
     D:1: 1120 daAuts
     D:2: 888 daAuts
     D:3: 680 daAuts
  Temple: 212 daAuts
   Orc:1: 17 daAuts
